 Dungeon Crawl Stone Soup version 0.23.2-1-ga50397a6bc (webtiles) character file.

Game seed: 14246760166633721184

2548 HuneSparrow the Carver (level 9, -2/75 HPs)
             Began as a Minotaur Fighter on Apr 15, 2019.
             Was an Initiate of Makhleb.
             Slain by a wolf (6 damage)
             ... on level 9 of the Dungeon.
             The game lasted 00:16:20 (7318 turns).

HuneSparrow the Carver (Minotaur Fighter)           Turns: 7318, Time: 00:16:20

Health: -2/75      AC: 10    Str: 24    XL:     9   Next: 30%
Magic:  8/8        EV:  9    Int:  5    God:    Makhleb [......]
Gold:   533        SH: 11    Dex: 10    Spells: 8/8 levels left

rFire    . . .     SeeInvis .   a - +0 long sword
rCold    . . .     Gourm    .   c - +0 shield
rNeg     . . .     Faith    .   b - +0 scale mail
rPois    .         Spirit   .   (helmet restricted)
rElec    .         Reflect  .   v - +0 cloak
rCorr    .         Harm     .   (no gloves)
MR       .....     Rnd*Tele +   h - +0 pair of boots
Stlth    +.........             q - amulet of rage
HPRegen  0.22/turn              g - ring of teleportation (curse)
MPRegen  0.11/turn              o - ring of stealth

@: no status effects
A: retaliatory headbutt, horns 2
a: Renounce Religion, Evoke Berserk Rage


You were on level 9 of the Dungeon.
You worshipped Makhleb.
Makhleb was noncommittal.
You were hungry.

You visited 2 branches of the dungeon, and saw 10 of its levels.

You collected 533 gold pieces.

Inventory:

Hand Weapons
 a - a +0 long sword (weapon)
Armour
 b - a +0 scale mail (worn)
 c - a +0 shield (worn)
 h - a +0 pair of boots (worn)
 v - a +0 cloak (worn)
Jewellery
 g - a cursed ring of teleportation (left hand)
 o - a ring of stealth (right hand)
 q - an amulet of rage (around neck)
Wands
 n - a wand of polymorph (8)
 s - a wand of iceblast (9)
 t - a wand of random effects (18)
 x - a wand of disintegration (30)
Scrolls
 e - 7 scrolls of identify
 i - 2 scrolls of amnesia {unknown}
 j - 4 scrolls of blinking
 r - 5 scrolls of teleportation
 w - 3 scrolls of magic mapping {unknown}
 y - 2 scrolls of remove curse {unknown}
 z - a scroll of enchant armour {unknown}
Potions
 d - a potion of might
 k - 2 potions of heal wounds {unknown}
 l - 3 potions of haste
 m - 3 potions of lignification {unknown}
 p - a potion of curing {unknown}
 u - 2 potions of berserk rage {unknown}
 B - a potion of degeneration {unknown}
Comestibles
 f - 9 rations
 A - 3 chunks of flesh


   Skills:
 + Level 5.9 Fighting
 * Level 11.2 Long Blades
 + Level 6.8 Armour
 + Level 2.9 Dodging
 + Level 7.2 Shields


You had 8 spell levels left.
You didn't know any spells.
Your spell library contained the following spells:

 Spells                   Type           Power        Failure   Level  Hunger
 Corona                   Hex            #......      97%         1    ##.....
 Ensorcelled Hibernation  Hex/Ice        #.....       99%         2    ###....
 Confuse                  Hex            #.......     100%        3    ####...
 Dazzling Spray           Conj/Hex       #.....       100%        3    ####...
 Tukima's Dance           Hex            #.......     100%        3    ####...


Dungeon Overview and Level Annotations

Branches:
Dungeon (9/15)             Temple (1/1) D:5            Lair (0/6) D:8
    Orc: D:9-12

Altars:
Ashenzari
Cheibriados
Dithmenos
Elyvilon
Fedhas
Gozag
Hepliaklqana
Kikubaaqudgha
Makhleb
Nemelex Xobeh
Okawaru
Qazlal
Ru
Sif Muna
Trog
Uskayaw
Vehumet
Wu Jian
Xom
Yredelemnul
Zin
The Shining One

Shops:
D:6 (


Innate Abilities, Weirdness & Mutations

You reflexively headbutt those who attack you in melee.
You have a pair of horns on your head.


Message History

* * * LOW HITPOINT WARNING * * *
The adder bites you but does no damage. You block the wolf's attack.
Your scale mail prevents you from hitting the adder.
The wolf bites you.
* * * LOW HITPOINT WARNING * * *
You block the wolf's attack. The adder bites you but does no damage.
You block the wolf's attack. The wolf closely misses you.
You furiously retaliate!
You headbutt the wolf. You hit the adder but do no damage.
You block the wolf's attack. The adder closely misses you.
You block the wolf's attack. The wolf bites you but does no damage.
Your magical contamination has completely faded away.
You closely miss the adder. Your headbutt misses the adder.
You block the wolf's attack. The adder barely misses you.
You block the wolf's attack.
The crimson imp blinks!
The wolf barely misses you. The centaur skeleton hits you.
* * * LOW HITPOINT WARNING * * *
The adder barely misses you.
You riposte.
You miss the adder. You barely miss the adder. Your headbutt misses the adder.
The wolf bites you.
You die...

### ###.##
## #[.5.##
..# .....#..
###.....
###...Zh#
#...§h@.#
#...#..S.#
## #.......
..........
.......#...
......(.# #.
..........
......$...##


You could see 2 wolves, a crimson imp, an adder and a centaur skeleton.

Vanquished Creatures
  Edmund (D:4)
  A phantom (D:4)
  3 centaurs
  6 ogres
  6 bullfrogs
  A scorpion (D:8)
  5 wights (D:7)
  A howler monkey (D:4)
  A bullfrog zombie (D:8)
  5 crimson imps
  3 hounds
  4 orc priests
  5 orc wizards
  2 worker ants (D:6)
  A hound skeleton (D:7)
  14 adders
  A shadow imp (D:7)
  An adder zombie (D:6)
  4 worms
  2 dart slugs (D:3)
  5 leopard geckos
  30 orcs
  6 bats
  6 giant cockroaches
  9 goblins
  7 hobgoblins
  6 jackals
  12 kobolds
  3 quokkas
  2 ball pythons
  6 frilled lizards
  A jackal zombie (D:5)
  A leopard gecko skeleton (D:4)
  A leopard gecko zombie (D:5)
  11 rats
173 creatures vanquished.

Vanquished Creatures (others)
  5 dream sheep (D:5)
  An orc (D:3)
6 creatures vanquished.

Grand Total: 179 creatures vanquished

Notes
Turn   | Place    | Note
-------+----------+-------------------------------------------
     0 | D:1      | HuneSparrow the Minotaur Fighter began the quest for the
                  | Orb.
     0 | D:1      | Reached XP level 1. HP: 19/19 MP: 0/0
    81 | D:1      | Reached XP level 2. HP: 24/27 MP: 1/1
   209 | D:1      | Reached skill level 3 in Long Blades
   393 | D:1      | Reached XP level 3. HP: 33/33 MP: 2/2
  1383 | D:2      | Found a sacrificial altar of Ru.
  1620 | D:3      | Reached XP level 4. HP: 40/40 MP: 3/3
  1626 | D:3      | Reached skill level 4 in Long Blades
  1918 | D:2      | Reached XP level 5. HP: 32/46 MP: 4/4
  2056 | D:3      | Reached skill level 5 in Long Blades
  2059 | D:3      | Reached skill level 1 in Dodging
  2357 | D:2      | Reached XP level 6. HP: 52/52 MP: 5/5
  2571 | D:3      | Reached skill level 6 in Long Blades
  3013 | D:4      | Noticed Edmund
  3023 | D:4      | Killed Edmund
  3023 | D:4      | Reached skill level 5 in Shields
  3078 | D:4      | Reached XP level 7. HP: 19/60 MP: 6/6
  3291 | D:4      | Found a transporter.
  3320 | D:4      | Found a transporter.
  3661 | D:4      | Reached skill level 7 in Long Blades
  3661 | D:4      | Reached skill level 5 in Armour
  4466 | D:5      | Entered Level 5 of the Dungeon
  4489 | D:5      | Reached skill level 8 in Long Blades
  4531 | D:5      | Noticed a dream sheep
  4531 | D:5      | Noticed a dream sheep
  4531 | D:5      | Noticed a dream sheep
  4531 | D:5      | Noticed a dream sheep
  4531 | D:5      | Noticed a dream sheep
  4531 | D:5      | Found a shimmering altar of Xom.
  4536 | D:5      | Killed a dream sheep
  4536 | D:5      | Killed a dream sheep
  4536 | D:5      | Killed a dream sheep
  4536 | D:5      | Killed a dream sheep
  4537 | D:5      | Killed a dream sheep
  4748 | D:5      | Found a staircase to the Ecumenical Temple.
  4754 | Temple   | Entered the Ecumenical Temple
  4883 | D:5      | Reached skill level 5 in Fighting
  5201 | D:6      | Reached XP level 8. HP: 68/68 MP: 7/7
  5409 | D:6      | Reached skill level 9 in Long Blades
  5771 | D:6      | Found Rajibbao's Weapon Shop.
  6213 | D:7      | Reached skill level 10 in Long Blades
  6384 | D:7      | Reached XP level 9. HP: 61/74 MP: 8/8
  6934 | D:7      | Found a burning altar of Makhleb.
  6940 | D:7      | Became a worshipper of Makhleb the Destroyer
  7088 | D:7      | Reached skill level 11 in Long Blades
  7250 | D:8      | Found a staircase to the Lair.
  7250 | D:8      | Noticed a troll
  7318 | D:9      | Slain by a wolf

Skill      XL: |  1  2  3  4  5  6  7  8  9 |
---------------+----------------------------+-----
Shields        | 4 5 6 7 |  7.2
Long Blades    | 3 4 5 6 8 10 11 | 11.2
Fighting       | 4 5 |  5.9
Armour         | 4 5 6 |  6.8
Dodging        | 1 2 |  2.9

Action                   |  1- 3 |  4- 6 |  7- 9 || total
-------------------------+-------+-------+-------++-------
Melee: Long sword        |   102 |   134 |   312 ||   548
       Headbutt          |    14 |    22 |    54 ||    90
 Abil: Evoke Berserk Rag |       |       |     3 ||     3
  Use: Potion            |       |     1 |       ||     1
       Scroll            |       |       |     4 ||     4
  Eat: Chunk             |     2 |     5 |    13 ||    20
       Ration            |       |       |     1 ||     1
Armor: Scale mail        |    46 |    59 |   111 ||   216
Dodge: Dodged            |    29 |    40 |   105 ||   174
Block: Shield            |    58 |    72 |   160 ||   290
       Rpst.: Long sword |     8 |     5 |    28 ||    41
